 Dungeon Crawl Stone Soup version 0.26.0-45-g9c1d065592 (webtiles) character file.

Game seed: 10481294146811773314

11 Descartes the Vexing (level 2, 0/16 HPs)
             Began as a Deep Elf Wanderer on Jan 31, 2021.
             Slain by a leopard gecko (3 damage)
             ... on level 1 of the Dungeon.
             The game lasted 00:01:06 (279 turns).

Descartes the Vexing (Deep Elf Wanderer)             Turns: 279, Time: 00:01:06

Health: 0/16       AC:  4    Str:  9    XL:     2   Next: 17%
Magic:  7/7        EV: 11    Int: 17    God:
Gold:   27         SH:  0    Dex: 13    Spells: 5/6 levels left

rFire    . . .     SeeInvis .   a - +0 quarterstaff
rCold    . . .     Faith    .   (shield currently unavailable)
rNeg     . . .     Spirit   .   d - +0 robe
rPois    .         Reflect  .   b - +1 helmet
rElec    .         Harm     .   (no cloak)
rCorr    .         Rampage  .   (no gloves)
Will     .....                  (no boots)
Stlth    ++........             (no amulet)
HPRegen  0.05/turn              (no ring)
MPRegen  0.10/turn              (no ring)

@: no status effects
A: no striking features
a: no special abilities


You were on level 1 of the Dungeon.
You visited 1 branch of the dungeon, and saw 1 of its levels.

You collected 27 gold pieces.

Inventory:

Hand Weapons
 a - a +0 quarterstaff (weapon)
 e - a +0 dagger
Missiles
 f - 10 poisoned darts
 i - 6 javelins
Armour
 b - a +1 helmet (worn)
 d - a +0 robe (worn)
Scrolls
 g - 3 scrolls of remove curse {unknown}
 h - 2 scrolls of magic mapping {unknown}
 l - a scroll of teleportation {unknown}
Potions
 c - a potion of curing
 j - a potion of resistance {unknown}
 k - a potion of heal wounds {unknown}


   Skills:
 - Level 1.0 Fighting
 - Level 2.0 Short Blades
 - Level 2.4 Stealth
 + Level 2.6 Spellcasting
 - Level 4.0 Hexes
 - Level 2.1 Summonings


You had 5 spell levels left.
You knew the following spells:

 Your Spells              Type           Power        Failure   Level
a - Corona                Hex            16%          3%          1

Your spell library contained the following spells:

 Spells                   Type           Power        Failure   Level
 Confusing Touch          Hex            15%          11%         3
 Tukima's Dance           Hex            15%          11%         3
 Ensorcelled Hibernation  Hex/Ice        18%          12%         2
 Dazzling Flash           Conj/Hex       18%          24%         3


Dungeon Overview and Level Annotations

Branches:
Dungeon (1/15)

Altars:


Message History

You are too injured to fight recklessly!
You are too injured to fight recklessly!
You are too injured to fight recklessly!
You are too injured to fight recklessly!
You are too injured to fight recklessly!
You hit the leopard gecko.
The leopard gecko is heavily wounded.
The leopard gecko misses you.
You closely miss the leopard gecko.
The leopard gecko is heavily wounded.
The leopard gecko bites you.
* * * LOW HITPOINT WARNING * * *
The leopard gecko barely misses you.
You barely miss the leopard gecko.
The leopard gecko is heavily wounded.
The leopard gecko barely misses you.
You completely miss the leopard gecko.
The leopard gecko is heavily wounded.
The leopard gecko barely misses you. The leopard gecko bites you.
You die...

#...#.........†...
#.#...........#...
#.##...#.....##...
#..##.......##...#
#.#.##..#..##.#..#
#.#..##...##..#..#
#.# ..##.##.# #..#
#.# ...#.# #..+
#@# ..#.# #l# ..#
#.. ##.. #.. ...
##.. ...


You could see a leopard gecko.

Vanquished Creatures
  A dart slug (D:1)
  A bat (D:1)
  A giant cockroach (D:1)
  A goblin (D:1)
  3 hobgoblins (D:1)
  A rat (D:1)
8 creatures vanquished.

Notes
Turn   | Place    | Note
-------+----------+-------------------------------------------
     0 | D:1      | Descartes the Deep Elf Wanderer began the quest for the
                  | Orb.
     0 | D:1      | Descartes set off with the following items: a +0
                  | quarterstaff, a potion of curing, a +0 robe, a +0 dagger;
                  | and the following spell memorised: Corona; and the
                  | following spells available to memorise: Confusing Touch,
                  | Tukima's Dance, Ensorcelled Hibernation, Dazzling Flash
     0 | D:1      | Reached XP level 1. HP: 12/12 MP: 3/3
    97 | D:1      | Reached skill level 1 in Spellcasting
   195 | D:1      | Reached XP level 2. HP: 15/16 MP: 7/7
   279 | D:1      | Slain by a leopard gecko

Illustrated notes

Levels and vault maps discovered:
D:1:      sevenhm_arrival_forest_fort_small_3, layout_basic,
          kennysheep_small_spiral, hex_intersection, minmay_parallelograms

Skill      XL: |  1 |
---------------+----+-----
Spellcasting   | 2 |  2.6
Fighting       | |  1.0
Short Blades   | |  2.0
Stealth        | |  2.4
Hexes          | |  4.0
Summonings     | |  2.1

Action                   || total
-------------------------++-------
Melee: Quarterstaff      ||    30
 Stab: Sleeping          ||     1
Armor: Robe              ||     8
Dodge: Dodged            ||    21
